 Dungeon Sprint DCSS version 0.29.1-2-gbd0b4ee654 (webtiles) character file.

Game seed: 6630635797198126346

10836 Groucho the Unseen (level 11, -30/59 HPs)
             Began as a Spriggan Enchanter on Nov 5, 2022.
             Was the Champion of Dithmenos.
             Killed from afar by an iron elemental (46 damage)
             ... with a spray of metal splinters
             ... in the Dungeon (Sprint II: "The Violet Keep of Menkaure").
             The game lasted 00:11:59 (1766 turns).

Groucho the Unseen (Spriggan Enchanter)             Turns: 1766, Time: 00:11:59

Health: -30/59     AC:  2    Str:  8    XL:     11   Next: 41%
Magic:  14/28      EV: 34    Int: 20    God:    Dithmenos [******]
Gold:   275        SH:  0    Dex: 22    Spells: 23/34 levels left

rFire   . . .      SeeInvis +   j - +1 short sword (elec)
rCold   + . .      Faith    .   (no shield)
rNeg    . . .      Spirit   .   b - +0 robe
rPois   .          Reflect  .   (helmet restricted)
rElec   .          Harm     .   (no cloak)
rCorr   .          Rampage  .   (gloves unavailable)
Will    +....      Rage     3%  (boots unavailable) Stlth ***+++++++ NoTele +
                                (no amulet)
HPRegen 0.19/turn               f - ring of the Vendetta {rC+ Int+3 Dex+6}
MPRegen 0.21/turn               e - ring of flight

@: on berserk cooldown, flying, slowed, wreathed by umbra, unable to drink,
quick
A: very small, no large weapons, unfitting armour, see invisible, speed 3,
berserk 1, no potion heal 1, inability to drink after injury 1
a: Renounce Religion, Shadow Step, Shadow Form


You were in the Dungeon.
You worshipped Dithmenos.
Dithmenos was exalted by your worship.
You visited 1 branch You collected 1215 gold pieces.
You spent 940 gold pieces at shops.

Inventory:

Hand Weapons
 a - a +1 dagger
 j - a +1 short sword of electrocution (weapon)
Missiles
 l - 5 stones (quivered)
Armour
 b - a +0 robe (worn)
Jewellery
 e - a ring of flight (right hand)
 f - the ring of the Vendetta (left hand) {rC+ Int+3 Dex+6}
   (You bought it in a shop in the Dungeon)

   [ring of dexterity]

   Int:       It affects your intelligence (+3).
   Dex:       It affects your dexterity (+6).
   rC:        It protects you from cold.
Scrolls
 i - a scroll of acquirement {unknown}
 k - a scroll of amnesia {unknown}
Potions
 c - 3 potions of flight {unknown}
 d - a potion of curing
 g - 2 potions of magic


   Skills:
 + Level 7.7 Fighting
 * Level 12.3 Short Blades
 * Level 16.9 Dodging
 - Level 18.0 Stealth
 + Level 12.2 Spellcasting
 * Level 7.6 Conjurations
 - Level 14.0 Hexes
 * Level 2.2 Invocations


You had 23 spell levels left.
You knew the following spells:

 Your Spells              Type           Power      Damage    Failure   Level
a - Confusing Touch       Hex            62%        N/A       1%          3
b - Ensorcelled Hibernat  Hex/Ice        80%        N/A       1%          2
c - Dazzling Flash        Conj/Hex       100%       N/A       1%          3
d - Tukima's Dance        Hex            62%        N/A       1%          3

Your spell library contained the following spells:

 Spells                   Type           Power      Damage    Failure   Level


Dungeon Overview and Level Annotations

Branches:
Dungeon (1/1)

Altars:
Cheibriados
Dithmenos
Elyvilon
Fedhas
Gozag
Hepliaklqana
Kikubaaqudgha
Makhleb
Nemelex Xobeh
Okawaru
Qazlal
Ru
Sif Muna
Trog
Uskayaw
Vehumet
Wu Jian
Xom
Yredelemnul
Zin
The Shining One
Jiyva
Lugonu

Shops:
D (::!*=((!=[?[((

Annotations:
D exclusions: obsidian statue and oklob plant


Innate Abilities, Weirdness & Mutations

You are very small and have problems with some larger weapons.
You are too small for most types of armour.
You have supernaturally acute eyesight. (SInv)
You cover ground extremely quickly. (Speed+++)
You sometimes lose your temper in combat.
Potions are less effective at restoring your health.
You occasionally lose the ability to drink potions when taking damage.


Message History

The iron elemental barely misses you.
You hit the iron elemental but do no damage.
The iron elemental is almost destroyed.
You puncture the iron elemental!
The iron elemental is almost destroyed.
The iron elemental gestures at you. The iron shot misses you.
You hit the iron elemental but do no damage.
The iron elemental is almost destroyed.
You hit the iron elemental but do no damage.
The iron elemental is almost destroyed.
The iron elemental completely misses you.
You hit the iron elemental but do no damage.
The iron elemental is almost destroyed.
Your shadow hits the iron elemental but does no damage.
You hit the iron elemental but do no damage.
The iron elemental is almost destroyed.
The iron elemental hits you!
You feel threatened and lose the ability to drink potions!
* * * LOW HITPOINT WARNING * * *
You hit the iron elemental but do no damage.
The iron elemental is almost destroyed.
Unknown command.
Unknown command.
You cannot drink potions in your current state!
Unknown command.
You cannot drink potions in your current state!
You aren't carrying any items that you can evoke.
Unknown command.
Casting: Confusing Touch (safe; 1% risk of failure)
Confirm with . or Enter, or press ? or * to list all spells.
Okay, then.
You hit the iron elemental but do no damage.
The iron elemental is almost destroyed.
You hit the iron elemental but do no damage.
The iron elemental is almost destroyed.
The iron elemental gestures at you.
The spray of metal splinters hits you!!!
Ouch! That really hurt!
You die... ####.^..#.## .. #..'..h.#..# ##..#..####^#..# .##.####..'.##.# #.# ...#..#...#### .####..#####..##.# ?$??(

###.##..#..'..#§§#▓!:[$[$
##...#..#..#..#§§#▓$?[([[!
.'.##'..####..##@#▓))[)!??
##...#....###.§E##▓▓▓▓▓▓▓+
###.##....§.~~§§~~~~~l~~~
#####~~...§.~#'########+###
#†#~~~~~§~§.~#_._.....#~§§#
.##~~~~§§§§.~#._._....#~§§§
##~~~≈§§~§~§~#_._._...#§§§§
○°~~~~≈≈≈≈~§~#._._._..#§§S≈
○°'#~≈§≈≈≈≈≈~#_._._._.#~~~~


You could see an iron elemental.

Vanquished Creatures
  A deep elf master archer (D)
  A crystal guardian (D)
  2 boulder beetles (D)
  2 hell hogs (D)
  A death yak (D)
  2 death drakes (D)
  3 shining eyes (D)
  2 cane toads (D)
  A yaktaur (D)
  5 polar bears (D)
  A hornet (D)
  2 wyverns (D)
  2 yaks (D)
  4 neqoxecs (D)
  Menkaure (D)
  2 water moccasins (D)
  2 swamp drakes (D)
  3 black bears (D)
  4 necrophages (D)
  A hell rat (D)
  3 worms (D)
45 creatures vanquished.

Notes
Turn   | Place    | Note
-------+----------+-------------------------------------------
     0 | D        | Groucho the Spriggan Enchanter began the quest for the Orb.
     0 | D        | Reached XP level 1. HP: 9/9 MP: 5/5
     3 | D        | Noticed a boulder beetle
     3 | D        | Noticed a boulder beetle
     6 | D        | Noticed a neqoxec
     9 | D        | Noticed a necrophage
     9 | D        | Noticed a necrophage
     9 | D        | Noticed a necrophage
     9 | D        | Noticed a necrophage
    13 | D        | Killed a necrophage
    14 | D        | Reached skill level 9 in Stealth
    14 | D        | Reached skill level 5 in Spellcasting
    14 | D        | Reached skill level 5 in Hexes
    14 | D        | Reached XP level 2. HP: 13/13 MP: 6/9
    14 | D        | Reached XP level 3. HP: 16/16 MP: 6/10
    14 | D        | Killed a necrophage
    15 | D        | Reached skill level 1 in Fighting
    15 | D        | Reached skill level 10 in Stealth
    15 | D        | Reached XP level 4. HP: 22/22 MP: 6/12
    20 | D        | Killed a necrophage
    21 | D        | Reached skill level 5 in Dodging
    21 | D        | Reached XP level 5. HP: 26/26 MP: 6/14
    44 | D        | Learned a level 3 spell: Confusing Touch
    50 | D        | Reached skill level 11 in Stealth
    65 | D        | Noticed an obsidian statue
    83 | D        | Learned a level 2 spell: Ensorcelled Hibernation
    87 | D        | Learned a level 3 spell: Dazzling Flash
    91 | D        | Learned a level 3 spell: Tukima's Dance
    94 | D        | Killed a neqoxec
    95 | D        | Reached skill level 5 in Short Blades
    95 | D        | Reached skill level 12 in Stealth
    95 | D        | Reached XP level 6. HP: 32/32 MP: 9/16
    95 | D        | Noticed a neqoxec
    95 | D        | Noticed a neqoxec
    95 | D        | Noticed a neqoxec
    99 | D        | Killed a neqoxec
   101 | D        | Killed a neqoxec
   102 | D        | Reached skill level 13 in Stealth
   102 | D        | Reached XP level 7. HP: 36/36 MP: 6/18
   153 | D        | Killed a neqoxec
   266 | D        | Reached skill level 10 in Hexes
   281 | D        | Killed a boulder beetle
   282 | D        | Reached skill level 10 in Dodging
   282 | D        | Reached skill level 15 in Stealth
   282 | D        | Reached XP level 8. HP: 42/42 MP: 18/21
   313 | D        | Killed a boulder beetle
   314 | D        | Reached XP level 9. HP: 21/46 MP: 9/23
   467 | D        | Noticed Menkaure
   476 | D        | Killed Menkaure
   488 | D        | Found Api Ores's Antique Armour Shoppe.
   488 | D        | Found Heewiuj's Antique Weapon Shoppe.
   488 | D        | Found Amull's Antique Armour Emporium.
   488 | D        | Found Tuedehu's Magic Scroll Emporium.
   488 | D        | Found Zyikk's Distillery.
   488 | D        | Found Ximpinifa's Jewellery Shoppe.
   489 | D        | Found Fil Tan's Weapon Shoppe.
   489 | D        | Found Cinuoju's Weapon Emporium.
   490 | D        | Found Pocyonoafi's Jewellery Shoppe.
   490 | D        | Found Hidoch's Antique Weapon Emporium.
   490 | D        | Found Juaducvu's Assorted Antiques.
   499 | D        | Found Xurog's Distillery.
   499 | D        | Noticed an oklob plant
   500 | D        | Found Yherhe's Book Shoppe.
   500 | D        | Found Waghiv's Weapon Emporium.
   500 | D        | Found Uhogysy's Book Shoppe.
   501 | D        | Noticed a great orb of eyes
   521 | D        | Bought a ring of flight for 227 gold pieces
   541 | D        | Bought the ring of the Vendetta {rC+ Int+3 Dex+6} for 563
                  | gold pieces
   549 | D        | Bought a glowing short sword for 150 gold pieces
   566 | D        | Found an iron altar of Okawaru.
   566 | D        | Found a radiant altar of Vehumet.
   567 | D        | Found a sparkling altar of Nemelex Xobeh.
   567 | D        | Found a hide-covered altar of Uskayaw.
   567 | D        | Found a glowing silver altar of Zin.
   568 | D        | Found an opulent altar of Gozag.
   568 | D        | Found a burning altar of Makhleb.
   568 | D        | Found a bloodstained altar of Trog.
   569 | D        | Found a blossoming altar of Fedhas.
   569 | D        | Found a corrupted altar of Lugonu.
   569 | D        | Found a basalt altar of Yredelemnul.
   569 | D        | Found a shimmering blue altar of Sif Muna.
   570 | D        | Found a white marble altar of Elyvilon.
   570 | D        | Found an ancient bone altar of Kikubaaqudgha.
   572 | D        | Found a shadowy altar of Dithmenos.
   572 | D        | Found a viscous altar of Jiyva.
   573 | D        | Found a snail-covered altar of Cheibriados.
   574 | D        | Noticed a polar bear
   575 | D        | Found a shimmering altar of Xom.
   575 | D        | Found a sacrificial altar of Ru.
   575 | D        | Found a hazy altar of Hepliaklqana.
   575 | D        | Noticed a polar bear
   575 | D        | Noticed a polar bear
   576 | D        | Found a glowing golden altar of the Shining One.
   576 | D        | Found an ornate altar of the Wu Jian Council.
   576 | D        | Found a stormy altar of Qazlal.
   576 | D        | Noticed a yaktaur
   582 | D        | Became a worshipper of Dithmenos the Shadowed
   591 | D        | Killed a polar bear
   592 | D        | Reached skill level 5 in Fighting
   592 | D        | Reached skill level 16 in Stealth
   592 | D        | Reached skill level 1 in Conjurations
   592 | D        | Killed a yaktaur
   596 | D        | Reached * piety under Dithmenos
   609 | D        | Killed a polar bear
   610 | D        | Reached skill level 10 in Short Blades
   615 | D        | Killed a polar bear
   616 | D        | Reached skill level 17 in Stealth
   715 | D        | Noticed a death drake
   719 | D        | Noticed a hell hog
   720 | D        | Noticed a hell hog
   721 | D        | Killed a hell hog
   721 | D        | Reached ** piety under Dithmenos
   723 | D        | Killed a hell hog
   724 | D        | Reached skill level 10 in Spellcasting
   724 | D        | Reached XP level 10. HP: 53/53 MP: 23/25
   825 | D        | Noticed a death drake
   825 | D        | Noticed a crystal guardian
   828 | D        | Reached skill level 18 in Stealth
   829 | D        | Killed a crystal guardian
   829 | D        | Reached *** piety under Dithmenos
   830 | D        | Killed a death drake
   831 | D        | Reached skill level 5 in Conjurations
   832 | D        | Killed a death drake
   946 | D        | Noticed a shining eye
   946 | D        | Noticed a shining eye
   946 | D        | Noticed a shining eye
   948 | D        | Killed a shining eye
   948 | D        | Reached **** piety under Dithmenos
   949 | D        | Reached skill level 15 in Dodging
   949 | D        | Gained mutation: You sometimes lose your temper in combat.
                  | [a shining eye]
   951 | D        | Gained mutation: Potions are less effective at restoring
                  | your health. [a shining eye]
   954 | D        | Gained mutation: You occasionally lose the ability to drink
                  | potions when taking damage. [a shining eye]
   956 | D        | Killed a shining eye
   959 | D        | Killed a shining eye
  1594 | D        | Noticed a deep elf master archer
  1597 | D        | Noticed a death yak
  1600 | D        | Killed a death yak
  1600 | D        | Reached ***** piety under Dithmenos
  1601 | D        | Reached XP level 11. HP: 58/58 MP: 27/27
  1612 | D        | Killed a deep elf master archer
  1619 | D        | Noticed an iron elemental
  1629 | D        | Noticed an electric golem
  1661 | D        | Reached skill level 1 in Invocations
  1664 | D        | Reached ****** piety under Dithmenos
  1766 | D        | Killed from afar by an iron elemental

Illustrated notes

Levels and vault maps discovered:
D:        the_violet_keep_of_menkaure [sprint2_stairs_cluster_1,
          sprint2_shoproom, sprint2_temple, sprint2_basic_supplies,
          sprint2_obstacle_3, sprint2_obstacle_7, sprint2_obstacle_5,
          sprint2_obstacle_4, sprint2_obstacle_2, sprint2_timed_cluster_1,
          sprint2_smallroom_cluster_1, sprint2_smallroom_final_cluster_1,
          sprint2_transparent_cluster_1, sprint2_second_timed_cluster_1,
          sprint2_sniper_area_1, sprint2_heavy_combat_area_1,
          sprint2_mutation_trap_area_1, sprint2_forest_area_1,
          sprint2_light_combat_area_1, sprint2_behind_water_1,
          sprint2_near_end_vault_1]

Skill      XL: |  1  2  3  4  5  6  7  8  9 10 11 |
---------------+----------------------------------+-----
Stealth        | 9 10 12 13 15 17 18 | 18.0
Spellcasting   | 5 6 7 8 9 10 11 12 | 12.2
Hexes          | 5 6 7 8 9 11 12 13 14 | 14.0
Fighting       | 1 2 3 4 5 7 |  7.7
Short Blades   | 2 3 5 6 8 9 10 11 12 | 12.3
Dodging        | 4 5 7 8 10 11 13 15 16 | 16.9
Conjurations   | 4 6 7 |  7.6
Invocations    | 2 |  2.2

Action                   |  1- 3 |  4- 6 |  7- 9 | 10-12 || total
-------------------------+-------+-------+-------+-------++-------
Melee: Dagger            |     3 |    26 |    45 |    40 ||   114
       Punch             |       |       |     1 |     1 ||     2
       Short sword       |       |       |       |    40 ||    40
 Cast: Confusing Touch   |       |     1 |     6 |     6 ||    13
       Ensorcelled Hiber |       |     2 |     5 |     7 ||    14
       Dazzling Flash    |       |       |       |     5 ||     5
  Use: Potion            |     2 |       |     2 |     2 ||     6
       Scroll            |       |       |     1 |       ||     1
 Stab: Sleeping          |     2 |     6 |     5 |    14 ||    27
       Invisible         |     1 |     1 |     3 |     2 ||     7
       Confused          |       |     1 |     6 |     5 ||    12
Armor: Robe              |       |     1 |     1 |     1 ||     3
Dodge: Dodged            |       |     7 |    33 |    39 ||    79
